 Dungeon Crawl Stone Soup version 0.17.0-8-gb983d21 (webtiles) character file.

17788 Arkorax the Spry (level 12, -7/112 HPs)
             Began as a Deep Dwarf Monk on Nov 9, 2015.
             Mangled by a komodo dragon (25 damage)
             ... on level 11 of the Dungeon.
             The game lasted 00:47:17 (12415 turns).

Arkorax the Spry (Deep Dwarf Monk)                 Turns: 12415, Time: 00:47:17

Health: -7/112     AC:  8    Str: 21    XL:     12   Next: 22%
Magic:  10/10      EV: 25    Int: 16    God:
Gold:   275        SH:  0    Dex: 17    Spells: 0 memorised, 11 levels left

rFire  . . .     SeeInvis .     d - +2 morningstar (freeze)
rCold  + + +     Clarity  .     O - +1 steam dragon armour
rNeg   . . .     SustAt   .     (no shield)
rPois  .         Gourm    .     r - +0 hat
rElec  .         Spirit   .     (no cloak)
rCorr  .         Warding  .     q - +0 pair of gloves
rMut   .         Stasis   .     o - +0 pair of boots
MR     ++...                    (no amulet)
Stlth  ++........               G - +5 ring of intelligence
                                E - ring "Orphil" {*Contam rC+++ MR+ MP+9 Str+3}

@: non-regenerating, very resistant to hostile enchantments, unstealthy
A: damage resistance, recharge devices, sense surroundings 2, slow regeneration
3
a: Device Recharging


You were on level 11 of the Dungeon.
You were full.

You visited 3 branches of the dungeon, and saw 15 of its levels.
You also visited: Labyrinth.

You collected 428 gold pieces.
You spent 153 gold pieces at shops.

Inventory:

Hand Weapons
 d - a +2 morningstar of freezing (weapon)
 k - the +15 heavy crossbow "Sniper" {velocity, SInv}
   (You took it off a minotaur in a labyrinth)

   Any bolt fired from it inflicts extra damage.
   It lets you see invisible.
 w - the +7 blowgun "Ulotaf" {evade, Dex+3 Stlth+}
   (You found it on level 3 of the Lair of Beasts)

   It affects your evasion (+5 to EV).
   It affects your dexterity (+3).
   It makes you more stealthy.
 P - the +6 halberd "Pekich" {chop, rN++ Dex+4}
   (You found it in a labyrinth)

   It inflicts extra damage upon your enemies.
   It affects your dexterity (+4).
   It greatly protects you from negative energy.
 Y - a +5 scimitar of electrocution
Missiles
 f - 7 steel bolts
 p - 7 javelins (quivered)
Armour
 o - a +0 pair of boots (worn)
 q - a +0 pair of gloves (worn)
 r - a +0 hat (worn)
 s - a +0 chain mail of cold resistance
 u - a +0 buckler
 z - the +0 robe of Salvation {rF+ rC- MP+9 Slay+2}
   (You bought it in a shop on level 4 of the Dungeon)

   It affects your accuracy and damage with ranged weapons and melee attacks
   (+2).
   It protects you from fire.
   It makes you vulnerable to cold.
   It affects your magic capacity (+9).
 O - a +1 steam dragon armour (worn)
 S - the +3 hat of Pondering {ponderous, MR+ MP+10 Int+5}
   (You found it in a labyrinth)

   It affects your intelligence (+5).
   It affects your resistance to hostile enchantments.
   It affects your magic capacity (+10).
Rods
 N - a +2 rod of ignition (12/12)
   (You found it in a labyrinth)
Jewellery
 a - an uncursed ring of flight {unknown}
 E - the ring "Orphil" (left hand) {*Contam rC+++ MR+ MP+9 Str+3}
   (You found it on level 9 of the Dungeon)

   [ring of magical power]

   It affects your strength (+3).
   It renders you almost immune to cold.
   It affects your resistance to hostile enchantments.
   It affects your magic capacity (+9).
   It causes magical contamination when unequipped.
 G - a +5 ring of intelligence (right hand)
Wands
 b - a wand of heal wounds (0)
 e - a wand of paralysis (6)
 I - a wand of fireball (2)
 K - a wand of disintegration (10)
 Q - a wand of paralysis (18)
 X - a wand of draining (3)
Scrolls
 j - 5 scrolls of teleportation
 t - a scroll of magic mapping
 y - 2 scrolls of amnesia
 A - a scroll of immolation {unknown}
 F - 3 scrolls of identify
 H - a scroll of enchant weapon
 L - 5 scrolls of remove curse
 T - a scroll of noise
Potions
 g - 2 potions of mutation
 i - a potion of cancellation
 m - a potion of might
 n - a potion of haste {unknown}
 x - a potion of degeneration {unknown}
 B - a potion of agility {unknown}
 M - a potion of poison {unknown}
Books
 l - Veorph's Tome of Creative Battle Magic
   (You found it in a labyrinth)

   Spells                             Type                      Level
   a - Summon Ice Beast               Ice/Summoning                4
   b - Iskenderun's Battlesphere      Conjuration/Charms           5
   c - Shadow Creatures               Summoning                    5
   d - Conjure Ball Lightning         Conjuration/Air              6
 C - a book of Ice

   Spells                             Type                      Level
   a - Ice Form                       Ice/Transmutation            4
   b - Metabolic Englaciation         Hexes/Ice                    5
   c - Ozocubu's Refrigeration        Ice                          6
   d - Bolt of Cold                   Conjuration/Ice              6
   e - Freezing Cloud                 Conjuration/Ice/Air          6
   f - Simulacrum                     Ice/Necromancy               6
 J - a book of the Warp

   Spells                             Type                      Level
   a - Recall                         Summoning/Translocation      3
   b - Gell's Gravitas                Hexes/Translocation          3
   c - Force Lance                    Conjuration/Translocation    4
   d - Phase Shift                    Translocation                5
   e - Warp Weapon                    Charms/Translocation         5
   f - Summon Forest                  Summoning/Translocation      5
Miscellaneous
 U - a box of beasts {used: 9}
 V - a sack of spiders
Comestibles
 c - 2 bread rations
 h - 4 meat rations
 v - 2 beef jerkies
 D - 8 slices of pizza
 R - 10 royal jellies
 W - 4 fruits


   Skills:
 - Level 8.3 Fighting
 - Level 7.2 Maces & Flails
 - Level 0.2 Armour
 + Level 16.5 Dodging
 - Level 2.4 Stealth
 - Level 4.9 Shields
 - Level 3.6 Unarmed Combat
 * Level 4.0 Evocations


You had 11 spell levels left.
You didn't know any spells.

Dungeon Overview and Level Annotations

Branches:
Dungeon (11/15)            Temple (1/1) D:6            Lair (3/8) D:9
 Spider (0/4) Lair:3
  Swamp: Lair:3-6    Shoals: Lair:3-6       Orc: D:9-12

Altars:
Ashenzari
Cheibriados
Dithmenos
Elyvilon
Fedhas
Gozag
Kikubaaqudgha
Makhleb
Nemelex Xobeh
Okawaru
Qazlal
Ru
Sif Muna
Trog
Vehumet
Xom
Yredelemnul
Zin
The Shining One

Shops:
D:4 [

Annotations:
D:8 exclusion: oklob sapling


Innate Abilities, Weirdness & Mutations

You are resistant to damage.
You can recharge devices by infusing magical energy.
You passively map the area around you.
You do not regenerate naturally.


Message History

You closely miss the komodo dragon.
The komodo dragon is lightly wounded.
You sock the komodo dragon! You freeze the komodo dragon.
The komodo dragon is heavily wounded.
The komodo dragon completely misses you.
You barely miss the komodo dragon.
The komodo dragon is heavily wounded.
The komodo dragon is no longer moving slowly.
The komodo dragon misses you.
You completely miss the komodo dragon.
The komodo dragon is heavily wounded.
The komodo dragon completely misses you.
You hit the komodo dragon. You freeze the komodo dragon.
The komodo dragon seems to slow down.
The komodo dragon is severely wounded.
The komodo dragon completely misses you.
You barely miss the komodo dragon.
The komodo dragon is severely wounded.
The komodo dragon bites you!!
You die...

######### #.......#
#.......# #.......#
#...l...# #...@...#
*********** ##......#
*,,,,,,,,,,
#......###.,,,,,,,,,
*######..%.......,,,,,,,,,
*................,,,,,,,,,
*...........#####,,,,,****
*#####......# *,,,,,*,,,
#......# *,,,,,*,,,
#......# *,,,,,*,,,


You could see a komodo dragon.

Vanquished Creatures
  A minotaur (Lab)
  The ghost of rdx the Grappler, a journeyman TrMo (Lair:2)
  2 ugly things
  A black mamba (Lair:1)
  2 komodo dragons
  4 spiny frogs
  A fire drake (Lair:1)
  2 trolls
  The ghost of Squibie the Slasher, an amateur DsGl (D:4)
  A queen bee (Lair:1)
  A wraith (D:9)
  A deep elf mage (D:9)
  19 yaks
  A deep elf fighter (D:8)
  Grum (D:8)
  4 hippogriffs
  A steam dragon (D:7)
  2 wolves (D:8)
  A porcupine (Lair:1)
  Duvessa (D:4)
  2 water moccasins
  3 ice beasts
  A necrophage (D:9)
  2 orc warriors
  3 phantoms
  A sky beast (D:11)
  5 centaurs
  4 crocodiles
  An elf zombie (D:9)
  An elf skeleton (D:9)
  Dowan (D:4)
  A wyvern zombie (D:10)
  12 giant frogs
  A wyvern skeleton (D:9)
  38 killer bees
  A scorpion (D:6)
  A centaur zombie (D:10)
  18 wights
  A giant frog zombie (D:7)
  2 human zombies (D:9)
  5 iguanas
  2 jellies
  6 crimson imps
  5 hounds
  3 orc priests
  8 orc wizards
  A giant frog skeleton (D:7)
  2 centaur skeletons
  A human skeleton (D:9)
  7 worker ants
  A killer bee zombie (D:6)
  2 ogre zombies (D:9)
  A hound zombie (D:10)
  2 mummies (D:9)
  A worker ant zombie (D:8)
  9 adders
  16 gnolls
  33 river rats
  2 shadow imps
  2 oozes
  An adder zombie (D:9)
  An adder skeleton (D:4)
  4 worms
  31 orcs
  3 bats
  4 giant cockroaches
  6 goblins
  9 hobgoblins
  22 jackals
  6 quokkas
  9 ball pythons
  A giant cockroach zombie (D:6)
  7 giant geckos
  5 giant newts
  7 kobolds
  An orc zombie (D:9)
  9 rats
382 creatures vanquished.

Vanquished Creatures (collateral kills)
  Maud (D:11)
  A soldier ant (D:11)
  An orc warrior (D:10)
  A necrophage (D:11)
  A giant frog (D:11)
  3 wights (D:10)
  An orc (D:10)
9 creatures vanquished.

Vanquished Creatures (others)
  Maurice (D:8)
  An orc wizard (D:9)
  2 fungi
  6 plants
10 creatures vanquished.

Grand Total: 401 creatures vanquished

Notes
Turn   | Place    | Note
--------------------------------------------------------------
     0 | D:1      | Arkorax the Deep Dwarf Monk began the quest for the Orb.
     0 | D:1      | Reached XP level 1. HP: 20/20 MP: 1/1
    75 | D:1      | Reached XP level 2. HP: 16/28 MP: 2/2
   317 | D:1      | Reached skill level 4 in Dodging
   655 | D:1      | Reached skill level 1 in Evocations
   755 | D:2      | Reached XP level 3. HP: 24/34 MP: 3/3
  1304 | D:2      | Reached XP level 4. HP: 34/42 MP: 4/4
  1427 | D:3      | Found an opulent altar of Gozag.
  1582 | D:2      | Reached skill level 1 in Maces & Flails
  1789 | D:3      | Reached XP level 5. HP: 32/49 MP: 6/6
  2060 | D:4      | Reached skill level 5 in Dodging
  2145 | D:4      | Found a glowing golden altar of the Shining One.
  2155 | D:4      | Noticed Squibie's ghost (amateur DsGl)
  2461 | D:4      | Killed Squibie's ghost
  2461 | D:4      | Reached XP level 6. HP: 20/56 MP: 5/5
  2581 | D:4      | Noticed Duvessa
  2581 | D:4      | Noticed Dowan
  2609 | D:4      | Killed Duvessa
  2609 | D:4      | Reached skill level 6 in Dodging
  2640 | D:4      | Killed Dowan
  2640 | D:4      | Reached XP level 7. HP: 33/62 MP: 6/6
  2853 | D:4      | Found a glowing silver altar of Zin.
  2967 | D:4      | Found Ugroma Fehu's Antique Armour Shoppe.
  2973 | D:4      | Bought an ominously black robe for 153 gold pieces
  2983 | D:4      | Identified the cursed +0 robe of Salvation {rF+ rC- MP+9 Slay+2} (You bought it in a shop on level 4 of the Dungeon)
  3063 | D:4      | Found a sacrificial altar of Ru.
  3257 | D:5      | Entered Level 5 of the Dungeon
  3291 | D:5      | Reached skill level 5 in Maces & Flails
  3307 | D:5      | Got a bloodstained large shield
  3320 | D:5      | Identified the +5 large shield of Ocuige {*Confuse +Fly rC++ rN+} (You found it on level 5 of the Dungeon)
  3996 | D:6      | Reached skill level 7 in Dodging
  4148 | D:6      | Reached XP level 8. HP: 24/69 MP: 6/6
  4478 | D:6      | Found a staircase to the Ecumenical Temple.
  4503 | Temple   | Entered the Ecumenical Temple
  4949 | D:7      | Reached skill level 8 in Dodging
  5133 | D:7      | Found a burning altar of Makhleb.
  5279 | D:7      | Found a radiant altar of Vehumet.
  5282 | D:7      | Found a blossoming altar of Fedhas.
  5285 | D:7      | Found a sparkling altar of Nemelex Xobeh.
  5417 | D:7      | Reached skill level 9 in Dodging
  5620 | D:8      | Noticed Maurice
  5702 | D:8      | Killed Maurice
  5707 | D:8      | Noticed Grum
  5735 | D:8      | Reached skill level 1 in Shields
  5752 | D:8      | Killed Grum
  5752 | D:8      | Gained mutation: You passively map the area around you. [Deep Dwarf growth]
  5752 | D:8      | Reached XP level 9. HP: 18/76 MP: 6/6
  5913 | D:8      | Found a shimmering altar of Xom.
  5940 | D:8      | Reached skill level 10 in Dodging
  6280 | D:8      | Reached skill level 11 in Dodging
  6659 | D:8      | Noticed a green ugly thing
  6670 | D:8      | Killed a green ugly thing
  6950 | D:9      | Reached skill level 12 in Dodging
  7012 | D:9      | Found a shimmering altar of Xom.
  7090 | D:9      | Reached XP level 10. HP: 33/84 MP: 4/4
  7126 | D:9      | Got a steaming brass ring
  7327 | D:9      | Found a staircase to the Lair.
  7393 | D:9      | Reached skill level 13 in Dodging
  7467 | D:9      | Found an ancient bone altar of Kikubaaqudgha.
  8044 | D:10     | Entered Level 10 of the Dungeon
  8142 | D:10     | Reached skill level 5 in Fighting
  8295 | D:10     | Reached skill level 14 in Dodging
  8646 | D:10     | Identified the ring "Orphil" {*Contam rC+++ MR+ MP+9 Str+3} (You found it on level 9 of the Dungeon)
  8815 | D:10     | Reached XP level 11. HP: 79/97 MP: 2/2
  9161 | Lair:1   | Entered Level 1 of the Lair of Beasts
  9691 | Lair:1   | Reached skill level 15 in Dodging
 10316 | Lair:2   | Noticed rdx's ghost (journeyman TrMo)
 10658 | Lair:2   | Killed rdx's ghost
 11155 | Lair:3   | Got a crude blowgun
 11156 | Lair:3   | Identified the +7 blowgun "Ulotaf" {evade, Dex+3 Stlth+} (You found it on level 3 of the Lair of Beasts)
 11439 | D:11     | Found a labyrinth entrance.
 11444 | Lab      | Entered a labyrinth
 11660 | Lab      | Noticed a minotaur
 11671 | Lab      | Killed a minotaur
 11671 | Lab      | Reached skill level 16 in Dodging
 11671 | Lab      | Reached XP level 12. HP: 80/112 MP: 1/1
 11687 | Lab      | Identified Veorph's Tome of Creative Battle Magic
 11688 | Lab      | Got a smoking halberd
 11721 | Lab      | Identified the +6 halberd "Pekich" {chop, rN++ Dex+4} (You found it in a labyrinth)
 11724 | Lab      | Identified a +2 rod of ignition (12/12) (You found it in a labyrinth)
 12004 | D:11     | Noticed Maud
 12032 | D:11     | Killed Maud
 12284 | D:11     | Found a shimmering altar of Xom.
 12415 | D:11     | Mangled by a komodo dragon

Action                   |  1- 3 |  4- 6 |  7- 9 | 10-12 || total
-------------------------+-------+-------+-------+-------++-------
Melee: Unarmed           |   151 |       |       |       ||   151
       Flail             |       |   188 |    53 |       ||   241
       Whip              |       |   112 |    47 |       ||   159
       Mace              |       |       |   419 |       ||   419
       Morningstar       |       |       |   145 |  1004 ||  1149
 Abil: Device Recharging |     1 |     2 |     5 |     6 ||    14
Evoke: Wand              |     3 |     8 |    32 |    32 ||    75
       Box of beasts     |       |       |       |     9 ||     9
  Use: Scroll            |       |     3 |    10 |    10 ||    23
       Potion            |       |       |     1 |    12 ||    13
 Stab: Sleeping          |     5 |       |     6 |     9 ||    20
       Distracted        |       |       |     1 |     3 ||     4
  Eat: Bread ration      |     1 |       |     4 |     2 ||     7
       Chunk             |       |     2 |     3 |     1 ||     6
       Meat ration       |       |       |       |     2 ||     2
